 Dungeon Crawl Stone Soup version 0.22-a0-803-gd6d8abe (webtiles) character file.

1571 Amnesiac the Magician (level 8, -12/52 HPs)
             Began as a Mummy Earth Elementalist on July 22, 2018.
             Was a Believer of Vehumet.
             Mangled by an orc warrior
             ... wielding a +0 mace
              (24 damage)
             ... on level 6 of the Dungeon.
             The game lasted 00:15:52 (7497 turns).

Amnesiac the Magician (Mummy Earth Elementalist)    Turns: 7497, Time: 00:15:53

Health: -12/52     AC:  3    Str: 11    XL:     8   Next: 59%
Magic:  2/27       EV: 13    Int: 17    God:    Vehumet [**....]
Gold:   184        SH:  0    Dex: 12    Spells: 6/21 levels left

rFire    x . .     SeeInvis +   n - +2 hunting sling (freeze)
rCold    + . .     Gourm    .   (no shield)
rNeg     + + +     Faith    .   c - +0 robe
rPois    ∞         Spirit   .   (no helmet)
rElec    .         Reflect  .   (no cloak)
rCorr    .         Harm     .   g - +0 pair of gloves
MR       +....                  (no boots)
Stlth    ++........             (no amulet)
HPRegen  0.17/turn              e - ring of see invisible
MPRegen  0.20/turn              m - ring of magical power

@: no status effects
A: no food or potions, fire vulnerability, cold resistance 1, negative energy
resistance 3, torment resistance, unbreathing
a: Renounce Religion


You were on level 6 of the Dungeon.
You worshipped Vehumet.
Vehumet was pleased with you.
You were not hungry.

You visited 2 branches of the dungeon, and saw 7 of its levels.

You collected 184 gold pieces.

Inventory:

Hand Weapons
 a - a +2 flail of protection
 n - a +2 hunting sling of freezing (weapon)
Missiles
 d - 37 stones
 o - 20 sling bullets (quivered)
Armour
 b - a +0 shield
 c - a +0 robe (worn)
 g - a +0 pair of gloves (worn)
Jewellery
 e - a ring of see invisible (left hand)
 m - a ring of magical power (right hand)
Wands
 k - a wand of polymorph (19)
 p - a wand of enslavement (13)
Scrolls
 f - 2 scrolls of teleportation {!r}
 h - 4 scrolls of remove curse {!r}
 j - a scroll of blinking {!r}
 l - 2 scrolls of identify {!r}


   Skills:
 - Level 4.0 Dodging
 - Level 1.5 Stealth
 + Level 7.3 Spellcasting
 - Level 0.7 Transmutations
 * Level 7.2 Earth Magic


You had 6 spell levels left.
You knew the following spells:

 Your Spells              Type           Power        Failure   Level  Hunger
a - Sandblast             Erth           ####..       1%          1    N/A
b - Passwall              Tmut/Erth      ###.....     3%          2    N/A
c - Stone Arrow           Conj/Erth      ###...       8%          3    N/A
d - Lee's Rapid Deconstr  Erth           ####......   16%         5    N/A
e - Petrify               Tmut/Erth      ###.....     22%         4    N/A

Your spell library contained the following spells:

 Spells                   Type           Power        Failure   Level  Hunger


Dungeon Overview and Level Annotations

Branches:
Dungeon (6/15)             Temple (1/1) D:5

Altars:
Ashenzari
Cheibriados
Elyvilon
Fedhas
Gozag
Hepliaklqana
Kikubaaqudgha
Nemelex Xobeh
Okawaru
Ru
Sif Muna
Trog
Uskayaw
Vehumet
Wu Jian
Xom
Zin
The Shining One

Shops:
D:4 ((   D:5 (


Innate Abilities, Weirdness & Mutations

You do not eat or drink.
Your flesh is vulnerable to fire.
You are immune to poison.
Your flesh is cold resistant. (rC+)
You are immune to negative energy. (rN+++)
You are immune to unholy pain and torment.
You can survive without breathing.


Message History

Aiming: Sandblast (safe; 1% risk of failure)
Press: ? - help, Shift-Dir - straight line, f/p - orc warrior
Aim: an orc warrior, wielding a mace and wearing a chain mail (heavily wounded)
The blast of sand hits the orc warrior.
The orc warrior is heavily wounded.
d - 43 stones The orc warrior barely misses you.
Casting: Sandblast (safe; 1% risk of failure)
Confirm with . or Enter, or press ? or * to list all spells.
Aiming: Sandblast (safe; 1% risk of failure)
Press: ? - help, Shift-Dir - straight line, f/p - orc warrior
Aim: an orc warrior, wielding a mace and wearing a chain mail (heavily wounded)
The blast of sand misses the orc warrior.
d - 42 stones The orc warrior closely misses you.
Casting: Sandblast (safe; 1% risk of failure)
Confirm with . or Enter, or press ? or * to list all spells.
Aiming: Sandblast (safe; 1% risk of failure)
Press: ? - help, Shift-Dir - straight line, f/p - orc warrior
Aim: an orc warrior, wielding a mace and wearing a chain mail (heavily wounded)
The blast of sand hits the orc warrior.
The orc warrior is almost dead.
d - 41 stones
Casting: Sandblast (safe; 1% risk of failure)
Confirm with . or Enter, or press ? or * to list all spells.
Aiming: Sandblast (safe; 1% risk of failure)
Press: ? - help, Shift-Dir - straight line, f/p - orc warrior
Aim: an orc warrior, wielding a mace and wearing a chain mail (almost dead)
The blast of sand hits the orc warrior.
The orc warrior is almost dead.
d - 40 stones The orc warrior hits you with a mace!!
* * * LOW HITPOINT WARNING * * *
Casting: Sandblast (safe; 1% risk of failure)
Confirm with . or Enter, or press ? or * to list all spells.
Aiming: Sandblast (safe; 1% risk of failure)
Press: ? - help, Shift-Dir - straight line, f/p - orc warrior
Aim: an orc warrior, wielding a mace and wearing a chain mail (almost dead)
The blast of sand hits the orc warrior.
The orc warrior is almost dead.
d - 39 stones The orc warrior hits you with a mace!
* * * LOW HITPOINT WARNING * * *
Your magical contamination has completely faded away.
Casting: Sandblast (safe; 1% risk of failure)
Confirm with . or Enter, or press ? or * to list all spells.
Aiming: Sandblast (safe; 1% risk of failure)
Press: ? - help, Shift-Dir - straight line, f/p - orc warrior
Aim: an orc warrior, wielding a mace and wearing a chain mail (almost dead)
The blast of sand hits the orc warrior.
The orc warrior is almost dead.
d - 38 stones The orc warrior hits you with a mace!
* * * LOW HITPOINT WARNING * * *
Casting: Sandblast (safe; 1% risk of failure)
Confirm with . or Enter, or press ? or * to list all spells.
Aiming: Sandblast (safe; 1% risk of failure)
Press: ? - help, Shift-Dir - straight line, f/p - orc warrior
Aim: an orc warrior, wielding a mace and wearing a chain mail (almost dead)
The blast of sand hits the orc warrior.
The orc warrior is almost dead.
d - 37 stones The orc warrior hits you with a mace!!
You die...

#.....................
#............(........
#.....................
#.....................
#.....o...............
+...)......(?..?......
#.##.########..##..##.
####.##...##########
#...o@........#
#........)....#
#.............#
#.............#
##....####.#..#
#########.####
#.......# #.##########
#.##...#...##


You could see an orc warrior.

Vanquished Creatures
  Eustachio (D:5)
  A sky beast (D:5)
  An ice beast (D:5)
  A phantom (D:4)
  An ogre (D:5)
  3 centaurs
  6 scorpions (D:5)
  3 wights (D:6)
  A hound (D:5)
  An orc priest (D:4)
  2 centaur skeletons
  2 worker ants (D:4)
  A hound skeleton (D:5)
  A worker ant zombie (D:6)
  8 adders
  3 gnolls (D:5)
  A shadow imp (D:5)
  5 worms
  3 dart slugs
  2 leopard geckos
  8 orcs
  3 ball pythons
  10 bats
  7 giant cockroaches
  13 goblins
  10 hobgoblins
  11 jackals
  7 frilled lizards
  A giant cockroach zombie (D:5)
  A jackal skeleton (D:6)
  A jackal zombie (D:6)
  10 kobolds
  A quokka skeleton (D:6)
  6 rats
136 creatures vanquished.

Vanquished Creatures (others)
  8 fungi (D:5)
8 creatures vanquished.

Grand Total: 144 creatures vanquished

Notes
Turn   | Place    | Note
-------+----------+-------------------------------------------
     0 | D:1      | Amnesiac the Mummy Earth Elementalist began the quest for the Orb.
     0 | D:1      | Reached XP level 1. HP: 13/13 MP: 4/4
   150 | D:1      | Reached XP level 2. HP: 19/19 MP: 3/5
   154 | D:1      | Learned a level 2 spell: Passwall
   304 | D:3      | Found a shimmering altar of Xom.
   352 | D:3      | Reached XP level 3. HP: 24/24 MP: 5/7
   357 | D:3      | Learned a level 3 spell: Stone Arrow
   686 | D:5      | Entered Level 5 of the Dungeon
   793 | D:4      | Found a snail-covered altar of Cheibriados.
   920 | D:4      | Found a shattered altar of Ashenzari.
   924 | D:4      | Saw a vision of the Shoals and the Spider Nest.
   924 | D:4      | Noticed a redback
   924 | D:4      | Noticed a merfolk
   924 | D:4      | Noticed a redback
   924 | D:4      | Noticed a merfolk siren
   924 | D:4      | Noticed a redback
   924 | D:4      | Noticed a redback
   924 | D:4      | Noticed a sea snake
   924 | D:4      | Noticed a sea snake
   925 | D:4      | Noticed a redback
   927 | D:4      | Noticed a wolf spider
   927 | D:4      | Noticed a redback
   928 | D:4      | Noticed a redback
  1028 | D:4      | Reached XP level 4. HP: 18/30 MP: 3/9
  1034 | D:4      | Learned a level 4 spell: Petrify
  1251 | D:4      | Found Awkaf's Antique Weapon Emporium.
  1266 | D:4      | Found Jilang's Antique Weapon Boutique.
  1400 | D:4      | Reached XP level 5. HP: 35/35 MP: 0/10
  1582 | D:4      | Found an ornate altar of the Wu Jian Council.
  1656 | D:4      | You fall through a shaft!
  1873 | D:4      | Noticed a phantom
  3435 | D:4      | Killed a phantom
  3435 | D:4      | Reached XP level 6. HP: 41/41 MP: 0/12
  4012 | D:5      | Found a hide-covered altar of Uskayaw.
  4140 | D:5      | Found Pyopn's Weapon Shoppe.
  4158 | D:5      | Noticed an ice beast
  4163 | D:5      | Killed an ice beast
  4163 | D:5      | Reached skill level 5 in Spellcasting
  4170 | D:5      | Learned a level 5 spell: Lee's Rapid Deconstruction
  4224 | D:5      | Found a glowing silver altar of Zin.
  4229 | D:5      | Noticed a sky beast
  4237 | D:5      | Killed a sky beast
  4237 | D:5      | Reached skill level 5 in Earth Magic
  4237 | D:5      | Reached XP level 7. HP: 35/46 MP: 8/14
  4631 | D:5      | Noticed Eustachio
  4661 | D:5      | Found a staircase to the Ecumenical Temple.
  4671 | Temple   | Entered the Ecumenical Temple
  4751 | Temple   | Became a worshipper of Vehumet
  5417 | D:2      | Reached * piety under Vehumet
  5417 | D:2      | Offered knowledge of Freeze by Vehumet.
  5437 | D:2      | Found a glowing golden altar of the Shining One.
  5744 | D:2      | Found a sparkling altar of Nemelex Xobeh.
  6129 | D:3      | Offered knowledge of Sting by Vehumet.
  6205 | D:3      | Reached ** piety under Vehumet
  6603 | D:5      | Killed Eustachio
  6983 | D:5      | Reached XP level 8. HP: 16/52 MP: 15/17
  7342 | D:6      | Found a blossoming altar of Fedhas.
  7429 | D:6      | Offered knowledge of Searing Ray by Vehumet.
  7497 | D:6      | Mangled by an orc warrior

Vault maps used:
D:1:      dpeg_arrival_stone_temple_mockup
D:2:      nemelex_xobeh_ov_fountains_minmay, nicolae_tso_swordbearing_angel,
          grunt_ministairs_1
D:3:      lemuel_coloured_pillars_altar, minivault_5
D:4:      kennysheep_mini_moat, lemuel_doored_altar, serial_shops,
          nicolae_shop_window_shopping, nicolae_shop_trees,
          grunt_ashenzari_visionary
D:5:      old_forge, zin_statuary, nicolae_overflow_crystal_walls,
          minmay_temple_entry_trees, serial_shops, nicolae_shop_crystal,
          first_ration, minmay_misc_feat_four_crosses, uniq_eustachio
D:6:      marbit_many_paths, nicolae_dithmenos_shadow_blocks, serial_undead,
          serial_undead_c, serial_undead_f, serial_undead_c, serial_undead_b,
          serial_undead_c, serial_undead_a
Temple:   compressed_dpeg_triangle_lava_temple

Skill      XL: |  1  2  3  4  5  6  7  8 |
---------------+-------------------------+-----
Spellcasting   | 3 4 5 6 7 |  7.3
Earth Magic    | 3 4 5 6 7 |  7.2
Dodging        | 2 3 4 |  4.0
Stealth        | |  1.5
Transmutations | |  0.7

Action                   |  1- 3 |  4- 6 |  7- 9 || total
-------------------------+-------+-------+-------++-------
Melee: Short sword       |    29 |    20 |       ||    49
       Flail             |       |    34 |   114 ||   148
 Fire: Hunting sling     |       |       |    73 ||    73
 Cast: Sandblast         |    32 |    18 |    81 ||   131
       Stone Arrow       |       |    32 |       ||    32
       Passwall          |       |     6 |     5 ||    11
       Petrify           |       |       |     2 ||     2
       Lee's Rapid Decon |       |       |     8 ||     8
Evoke: Wand              |       |       |     4 ||     4
  Use: Scroll            |       |     1 |     4 ||     5
 Stab: Sleeping          |       |       |     3 ||     3
Armor: Robe              |     2 |    23 |    47 ||    72
Dodge: Dodged            |    22 |    48 |   162 ||   232

Table legend:
 A = Spawn XP
 B = Non-spawn XP
 C = Spawn XP percentage of total XP
 D = Spawn monster count
 E = Non-spawn monster count
 F = Spawn count percentage of total count
 G = Total turns spent on level
                    A         B        C        D         E        F      G
               +---------+---------+-------+---------+---------+-------+---------
         Total |       0 |    2245 |   0.0 |       0 |     136 |   0.0 |  7497
               +---------+---------+-------+---------+---------+-------+---------
           D:1 |       0 |      51 |   0.0 |       0 |      26 |   0.0 |   678
           D:2 |       0 |      65 |   0.0 |       0 |      26 |   0.0 |   736
           D:3 |       0 |      88 |   0.0 |       0 |      27 |   0.0 |   580
           D:4 |       0 |     329 |   0.0 |       0 |      17 |   0.0 |  3203
           D:5 |       0 |    1362 |   0.0 |       0 |      29 |   0.0 |  2012
           D:6 |       0 |     350 |   0.0 |       0 |      11 |   0.0 |   163
               +---------+---------+-------+---------+---------+-------+---------
